 Dungeon Crawl Stone Soup version 0.28-a0-850-g09de17f5b5 (webtiles) character file.

Game seed: 10168677690220815967

19548 ders the Geomancer (level 12, -2/62 HPs)
             Began as a Gargoyle Earth Elementalist on Nov 13, 2021.
             Was an Elder of Vehumet.
             Slain by a seven-headed hydra (10 damage)
             ... on level 2 of the Lair of Beasts.
             The game lasted 00:31:13 (17128 turns).

ders the Geomancer (Gargoyle Earth Elementalist)   Turns: 17128, Time: 00:31:14

Health: -2/62      AC: 15    Str: 16    XL:     12   Next: 70%
Magic:  19/28      EV: 12    Int: 22    God:    Vehumet [****..]
Gold:   668        SH: 10    Dex: 15    Spells: 24/35 levels left

rFire   . . .      SeeInvis .   e - staff of earth
rCold   + . .      Faith    .   f - +1 buckler
rNeg    + . .      Spirit   .   J - +1 steam dragon scales
rPois   ∞          Reflect  .   (helmet restricted)
rElec   +          Harm     .   (no cloak)
rCorr   .          Rampage  .   g - +0 pair of gloves
Will    .....      Clarity  +   (no boots)
Stlth   ++........              D - amulet of magic regeneration
HPRegen 0.20/turn               z - ring "Zutih" {rC+ Str+5 Dex+5}
MPRegen 0.46/turn               s - ring of wizardry

@: hasted, very quick
A: sickness immunity, AC +8, negative energy resistance 1, electricity
resistance, torment resistance 1, petrification resistance, antennae 1, large
bone plates 1, clarity, subdued magic 1
a: Renounce Religion


You were on level 2 of the Lair of Beasts.
You worshipped Vehumet.
Vehumet was greatly pleased with you.
You visited 3 branches of the dungeon, and saw 16 of its levels.

You collected 668 gold pieces.

Inventory:

Missiles
 c - 15 stones
 x - 5 silver boomerangs
Armour
 f - a +1 buckler (worn)
 g - a +0 pair of gloves (worn)
 J - +1 steam dragon scales (worn)
Magical Staves
 d - a staff of fire
 e - a staff of earth (weapon)
 y - a staff of conjuration
Jewellery
 b - a ring of protection from fire
 k - a ring of willpower
 s - a ring of wizardry (right hand)
 z - the ring "Zutih" (left hand) {rC+ Str+5 Dex+5}
   (You found it on level 5 of the Dungeon)

   [ring of protection from cold]

   Str:       It affects your strength (+5).
   Dex:       It affects your dexterity (+5).
   rC:        It protects you from cold.
 D - an amulet of magic regeneration (around neck)
 F - a ring of wizardry
Wands
 a - a wand of polymorph (7)
 i - a wand of digging (6)
 B - a wand of acid (12)
 G - a wand of charming (3)
 K - a wand of mindburst (12)
Scrolls
 m - 2 scrolls of enchant weapon
 n - a scroll of teleportation
 p - a scroll of magic mapping
 q - 3 scrolls of amnesia
 t - a scroll of fear
 C - 4 scrolls of immolation
 E - a scroll of brand weapon
 I - a scroll of vulnerability {unknown}
Potions
 h - a potion of haste
 j - 3 potions of degeneration
 l - 2 potions of magic
 o - a potion of brilliance
 r - a potion of lignification
 u - 2 potions of cancellation
 v - 2 potions of ambrosia {unknown}
 w - 3 potions of might
 A - 2 potions of flight
 H - a potion of curing


   Skills:
 + Level 1.8 Fighting
 + Level 0.6 Staves
 - Level 1.5 Dodging
 - Level 2.1 Stealth
 - Level 4.0 Shields
 + Level 12.3 Spellcasting
 + Level 9.5 Conjurations
 + Level 0.3 Hexes
 + Level 2.5 Transmutations
 + Level 14.8 Earth Magic
 + Level 0.9 Evocations


You had 24 spell levels left.
You knew the following spells:

 Your Spells              Type           Power      Damage    Failure   Level
a - Sandblast             Erth           100%       2d20      0%          1
b - Stone Arrow           Conj/Erth      100%       3d13      1%          3
c - Dazzling Flash        Conj/Hex       54%        N/A       1%          3
d - Petrify               Tmut/Erth      56%        N/A       1%          4

Your spell library contained the following spells:

 Spells                   Type           Power      Damage    Failure   Level
 Lee's Rapid Deconstruct  Erth           37%        3d19*     1%          5
 Freeze                   Ice            40%        1d6       1%          1
 Passwall                 Tmut/Erth      46%        N/A       1%          2
 Frozen Ramparts          Ice            20%        1d4       1%          3
 Hailstorm                Conj/Ice       26%        3d7       1%          4
 Borgnjor's Revivificati  Necr           5%         N/A       100%        8
 Necromutation            Tmut/Necr      7%         N/A       100%        8
 Death's Door             Necr           5%         N/A       100%        9


Dungeon Overview and Level Annotations

Branches:
Dungeon (13/15)            Temple (1/1) D:5            Lair (2/6) D:11
 Shoals (0/4) Lair:2          Orc (0/2) D:10
  Snake: Lair:2-4    Spider: Lair:2-4    Vaults: D:13-14

Altars:
Ashenzari
Cheibriados
Dithmenos
Elyvilon
Fedhas
Gozag
Hepliaklqana
Kikubaaqudgha
Makhleb
Nemelex Xobeh
Okawaru
Qazlal
Ru
Sif Muna
Trog
Uskayaw
Vehumet
Wu Jian
Xom
Yredelemnul
Zin
The Shining One
Beogh

Portals:
Trove: D:11 (give 3 potions of resistance)

Annotations:
D:11 1 runed translucent door, sirJeffrey23's ghost, journeyman DsBe


Innate Abilities, Weirdness & Mutations

You are immune to sickness and miasma.
Your stone body is resilient. (AC +8)
You are immune to poison.
You resist negative energy. (rN+)
You are resistant to electric shocks. (rElec)
You are resistant to unholy torment.
You are immune to petrification.
You have a pair of small antennae on your head.
You are partially covered in large bone plates. (SH +4)
You possess an exceptional clarity of mind.
Your spells are a little easier to cast, but a little less powerful.


Message History

The stone arrow hits the seven-headed hydra!
The seven-headed hydra is heavily wounded.
The seven-headed hydra barely misses you.
The seven-headed hydra bites you! x2
The seven-headed hydra bites you but does no damage.
The seven-headed hydra barely misses you.
The seven-headed hydra bites you but does no damage.
The seven-headed hydra misses you.
Unknown command.
Casting: Stone Arrow (safe; 1% risk of failure)
Confirm with . or Enter, or press ? or * to list all spells.
Aiming: Stone Arrow (safe; 1% risk of failure)
Press: ? - help, Shift-Dir - straight line, f/p - seven-headed hydra
Aim: a seven-headed hydra (heavily wounded, 92% to hit)
You feel a surge of power!
The stone arrow hits the seven-headed hydra!!
The seven-headed hydra is almost dead.
You block the seven-headed hydra's attack.
The seven-headed hydra bites you but does no damage. x2
The seven-headed hydra bites you!
* * * LOW HITPOINT WARNING * * *
You block the seven-headed hydra's attack.
The seven-headed hydra bites you.
* * * LOW HITPOINT WARNING * * *
The seven-headed hydra closely misses you.
Unknown command.
You feel much better.
The seven-headed hydra bites you but does no damage.
The seven-headed hydra bites you.
The seven-headed hydra closely misses you. x3
You block the seven-headed hydra's attack.
The seven-headed hydra bites you but does no damage.
You feel yourself speed up.
The seven-headed hydra bites you but does no damage.
The seven-headed hydra bites you. x2
The seven-headed hydra bites you but does no damage.
The seven-headed hydra bites you!
* * * LOW HITPOINT WARNING * * *
The seven-headed hydra bites you!
You die...

## ..#.#####.#
......D..#
#@## ##..# #
##...#
#.###...##
#.......###
##.#......#
### # ##...###
##≈≈####.....#
#≈≈≈≈#.......#


You could see a seven-headed hydra.

Vanquished Creatures
  A boulder beetle (D:11)
  4 two-headed ogres
  Pikel (D:8)
  4 black mambas
  A merfolk siren (Lair:2)
  5 cane toads
  2 rime drakes (Lair:1)
  A troll (D:10)
  Grinder (D:3)
  Sigmund (D:3)
  5 wyverns
  19 yaks
  2 basilisks
  5 humans (D:9)
  2 vampire mosquitoes (D:11)
  2 steam dragons (D:7)
  Duvessa (D:4)
  3 acid dragons
  6 water moccasins
  3 orc warriors
  3 black bears
  2 ogres
  A hornet zombie (D:8)
  4 centaurs
  12 wolves
  3 kobold brigands
  3 lemures (D:8)
  2 gnoll sergeants
  8 bullfrogs
  3 scorpions
  Dowan (D:3)
  A wyvern skeleton (D:6)
  A water moccasin skeleton (D:6)
  14 killer bees
  12 wights
  6 howler monkeys
  A vampire bat (D:9)
  5 centaur zombies
  A hound (D:6)
  A bullfrog zombie (D:5)
  A gnoll shaman (D:7)
  4 orc priests
  Ijyb (D:3)
  2 iguanas (D:6)
  5 orc wizards
  A killer bee zombie (D:9)
  Robin (D:3)
  2 adders (D:4)
  12 gnolls
  A white imp (D:6)
  An ufetubus (D:6)
  A worm (D:3)
  3 dart slugs
  42 orcs
  13 bats
  6 endoplasms
  A giant cockroach (D:2)
  18 goblins
  9 hobgoblins
  5 jackals
  21 kobolds
  3 quokkas
  8 ball pythons
  A frilled lizard (D:1)
  6 rats
321 creatures vanquished.

Vanquished Creatures (others)
  10 fungi
  6 plants
16 creatures vanquished.

Grand Total: 337 creatures vanquished

Notes
Turn   | Place    | Note
-------+----------+-------------------------------------------
     0 | D:1      | ders the Gargoyle Earth Elementalist began the quest for
                  | the Orb.
     0 | D:1      | Reached XP level 1. HP: 10/10 MP: 3/3
   184 | D:1      | Reached skill level 4 in Earth Magic
   256 | D:1      | Reached XP level 2. HP: 15/15 MP: 3/5
   875 | D:1      | Found a faded altar of an unknown god.
  1369 | D:2      | Reached XP level 3. HP: 19/19 MP: 4/6
  1373 | D:2      | Learned a level 3 spell: Stone Arrow
  1790 | D:2      | Found a broken altar of Ashenzari.
  2413 | D:3      | Noticed Sigmund
  2765 | D:3      | Noticed Robin
  2770 | D:3      | Reached XP level 4. HP: 23/24 MP: 4/8
  2882 | D:3      | Reached skill level 1 in Conjurations
  2884 | D:3      | Killed Robin
  2885 | D:3      | Reached skill level 1 in Transmutations
  2885 | D:3      | Reached skill level 5 in Earth Magic
  3055 | D:3      | Noticed Grinder
  3063 | D:3      | Killed Grinder
  3064 | D:3      | Reached XP level 5. HP: 20/28 MP: 1/9
  3064 | D:3      | Reached XP level 6. HP: 23/32 MP: 1/10
  3242 | D:3      | Noticed Ijyb
  3252 | D:3      | Killed Ijyb
  3648 | D:3      | Killed Sigmund
  3649 | D:3      | Reached XP level 7. HP: 29/36 MP: 4/12
  4168 | D:4      | Noticed Duvessa
  4174 | D:4      | Killed Duvessa
  4174 | D:4      | Noticed Dowan
  4213 | D:3      | Killed Dowan
  4214 | D:3      | Reached skill level 6 in Earth Magic
  5230 | D:5      | Entered Level 5 of the Dungeon
  5250 | D:5      | Reached XP level 8. HP: 41/41 MP: 6/13
  5434 | D:5      | Found a staircase to the Ecumenical Temple.
  5446 | Temple   | Entered the Ecumenical Temple
  5568 | Temple   | Became a worshipper of Vehumet
  5716 | D:5      | Identified the ring "Zutih" {rC+ Str+5 Dex+5}
  6290 | D:6      | Reached skill level 7 in Earth Magic
  6874 | D:6      | Reached skill level 5 in Conjurations
  7123 | D:6      | Reached skill level 5 in Spellcasting
  7374 | D:6      | Reached skill level 8 in Earth Magic
  7374 | D:6      | Reached XP level 9. HP: 45/45 MP: 10/17
  8006 | D:7      | Reached * piety under Vehumet
  8006 | D:7      | Offered knowledge of Foxfire by Vehumet.
  8184 | D:7      | Found a white marble altar of Elyvilon.
  8623 | D:7      | Reached skill level 9 in Earth Magic
  9545 | D:8      | Noticed a two-headed ogre
  9554 | D:8      | Killed a two-headed ogre
  9565 | D:8      | Reached XP level 10. HP: 4/51 MP: 1/20
  9584 | D:8      | Gained mutation: Your spells are a little easier to cast,
                  | but a little less powerful. [potion of mutation]
  9584 | D:8      | Gained mutation: You have hidden genetic potential. [potion
                  | of mutation]
  9584 | D:8      | Gained mutation: You are partially covered in large bone
                  | plates. (SH +4) [potion of mutation]
  9601 | D:8      | HP: 1/76 [spore (18)]
 10067 | D:8      | Reached ** piety under Vehumet
 10366 | D:8      | Noticed Pikel
 10378 | D:8      | Killed Pikel
 10379 | D:8      | Reached skill level 1 in Fighting
 10379 | D:8      | Reached skill level 10 in Earth Magic
 10680 | D:8      | Offered knowledge of Magic Dart by Vehumet.
 11539 | D:9      | Identified the +1 spear "Jellyslayer" {freeze, Will+}
 11548 | D:9      | Offered knowledge of Dazzling Flash by Vehumet.
 11813 | D:9      | Reached skill level 11 in Earth Magic
 11974 | D:9      | Learned a level 3 spell: Dazzling Flash
 12454 | D:10     | Entered Level 10 of the Dungeon
 12470 | D:10     | Reached XP level 11. HP: 28/56 MP: 5/24
 12479 | D:10     | Gained mutation: You have a pair of small antennae on your
                  | head. [hidden potential]
 12812 | D:10     | Noticed a two-headed ogre
 12816 | D:10     | Killed a two-headed ogre
 12817 | D:10     | Reached skill level 12 in Earth Magic
 12817 | D:10     | Noticed a two-headed ogre
 12821 | D:10     | Reached skill level 10 in Spellcasting
 12823 | D:10     | Killed a two-headed ogre
 13062 | D:10     | Found a staircase to the Orcish Mines.
 13314 | D:10     | Reached *** piety under Vehumet
 13940 | D:11     | Found a staircase to the Lair.
 14023 | D:11     | Found a portal to a secret trove of treasure.
 14045 | D:11     | Noticed a boulder beetle
 14053 | D:11     | Learned a level 4 spell: Petrify
 14174 | D:11     | Killed a boulder beetle
 14438 | D:11     | Reached skill level 13 in Earth Magic
 14563 | D:11     | Noticed sirJeffrey23's ghost (journeyman DsBe)
 14563 | D:11     | Noticed a spriggan rider
 14563 | D:11     | Identified the +6 trident of Purpose {speed, Fly rF+}
 14564 | D:11     | Found a runed translucent door.
 14629 | D:11     | Noticed a two-headed ogre
 14636 | D:11     | Killed a two-headed ogre
 14880 | D:11     | You fall into a shaft and drop 2 floors!
 15301 | Lair:1   | Entered Level 1 of the Lair of Beasts
 15344 | Lair:1   | Offered knowledge of Sticky Flame by Vehumet.
 15375 | Lair:1   | Reached XP level 12. HP: 61/61 MP: 18/27
 15413 | Lair:1   | Gained mutation: You possess an exceptional clarity of
                  | mind. [hidden potential]
 15413 | Lair:1   | Lost mutation: You have hidden genetic potential. [hidden
                  | potential expressed]
 15748 | Lair:2   | Reached **** piety under Vehumet
 16150 | Lair:1   | Offered knowledge of Lee's Rapid Deconstruction by Vehumet.
 16157 | Lair:1   | Reached skill level 14 in Earth Magic
 16486 | Lair:1   | Identified the +5 long sword "Vusyme" {venom, Contam rElec
                  | rC+}
 17082 | Lair:2   | Found a staircase to the Shoals.
 17122 | Lair:2   | Noticed a seven-headed hydra
 17128 | Lair:2   | Slain by a seven-headed hydra

Illustrated notes

Levels and vault maps discovered:
D:1:      dpeg_arrival_more_subterranean_lakeside_camping, layout_loops_corners,
          ebering_ecumenical_altar_box
D:2:      layout_loops_corners, basic_altar
D:3:      layout_loops_corners, kennysheep_cluttered_room, minmay_bisected,
          uniq_grinder, uniq_sigmund, uniq_ijyb, uniq_robin
D:4:      layout_layer_cave, uniq_duvessa
D:5:      layout_loops_ring, minmay_temple_entry_crystal_x, corner_web_ring,
          st_stairs_8, kennysheep_nub
D:6:      layout_gridville
D:7:      layout_cave_pods, elyvilon_altar_5, kennysheep_generic_room_3
D:8:      layout_loops_cross, uniq_pikel
D:9:      layout_loops_ring, chequers_serial_rivers_small_3, roderic_batcave,
          minmay_ruffians
D:10:     layout_roguey, david_orc_5, st_stairs_11
D:11:     layout_long_grid, erik_lair_dragon, enter_trove_0,
          ebering_ghost_funeral_grove
D:12:     layout_long_grid, nicolae_dithmenos_through_a_glass_darkly
D:13:     layout_roguey, portal_ice_cave_entry_pillars_2
Temple:   compressed_dpeg_circular_temple
Lair:1:   layout_long_grid, minmay_stone_trees_small, beast_lair_carwin_9,
          infiniplex_staircase_pool_2, grunt_megastairs_1
Lair:2:   nzn_winding_woodlands_small [nzn_winding_woodlands_5x15_crooked,
          nzn_winding_woodlands_center_lodge,
          nzn_winding_woodlands_5x15_sawtooth], layout_loops_ring,
          minmay_shoals_entry_lonely_mermaid, spider_nest_entry_funnel_web,
          beast_lair_carwin_2

Skill      XL: |  1  2  3  4  5  6  7  8  9 10 11 12 |
---------------+-------------------------------------+-----
Earth Magic    | 4 5 6 8 9 11 13 14 | 14.8
Conjurations   | 2 3 4 5 7 8 9 |  9.5
Transmutations | 1 2 |  2.5
Shields        | 2 3 4 |  4.0
Spellcasting   | 3 5 7 9 11 12 | 12.3
Fighting       | 1 |  1.8
Staves         | |  0.6
Dodging        | |  1.5
Stealth        | |  2.1
Hexes          | |  0.3
Evocations     | |  0.9

Action                   |  1- 3 |  4- 6 |  7- 9 | 10-12 || total
-------------------------+-------+-------+-------+-------++-------
Melee: Dagger            |       |       |     2 |       ||     2
       Staff             |       |       |     5 |       ||     5
 Cast: Sandblast         |    57 |    30 |    54 |   188 ||   329
       Stone Arrow       |       |     3 |    94 |   215 ||   312
       Dazzling Flash    |       |       |       |     5 ||     5
       Petrify           |       |       |       |     2 ||     2
Evoke: Wand              |       |       |       |     6 ||     6
  Use: Potion            |       |     2 |     4 |     6 ||    12
       Scroll            |       |     2 |     1 |    13 ||    16
Armor: Robe              |    22 |     7 |     7 |       ||    36
       Steam dragon scal |       |       |    20 |    85 ||   105
       Skin              |       |       |     7 |     3 ||    10
Dodge: Dodged            |    23 |     7 |    26 |   126 ||   182
Block: Buckler           |       |     1 |    11 |   121 ||   133

Table legend: (Time is in decaauts)
 A = Elapsed time spent in this place.
 B = Non-inter-level travel time spent in this place.
 C = Inter-level travel time spent in this place.
 D = Time resting spent in this place.
 E = Time spent auto-exploring this place.
 F = Levels seen in this place.
 G = Mean time per level.
                   A        B        C        D        E       F      G
               +--------+--------+--------+--------+--------+-----+--------+
         Total |  17126 |  16365 |    761 |   6701 |   7707 |  16 | 1070.4 |
       Dungeon |  15134 |  14463 |    671 |   5730 |   7055 |  13 | 1164.2 |
        Temple |    155 |     99 |     56 |      0 |     81 |   1 |  155.0 |
          Lair |   1835 |   1801 |     34 |    971 |    571 |   2 |  917.5 |
               +--------+--------+--------+--------+--------+-----+--------+

Top non-repeatable levels by time:
     D:8: 1997 daAuts
     D:3: 1605 daAuts
    D:11: 1570 daAuts
     D:6: 1560 daAuts
  Lair:1: 1491 daAuts
     D:9: 1338 daAuts
     D:4: 1306 daAuts
     D:7: 1267 daAuts
     D:2: 1186 daAuts
    D:10: 1165 daAuts
     D:1: 1132 daAuts
     D:5: 890 daAuts
  Lair:2: 344 daAuts
  Temple: 155 daAuts
    D:12: 80 daAuts
